 Dungeon Crawl Stone Soup version 0.27-a0-333-gfa571bf19a (webtiles) character file.

Game seed: 13182819553197497164

191 Brandom the Skirmisher (level 5, -9/43 HPs)
             Began as a Demonspawn Delver on Feb 12, 2021.
             Was a Follower of Wu Jian.
             Mangled by an iguana (12 damage)
             ... on level 3 of the Dungeon.
             The game lasted 00:10:31 (4303 turns).

Brandom the Skirmisher (Demonspawn Delver)          Turns: 4303, Time: 00:10:31

Health: -9/43      AC:  6    Str: 13    XL:     5   Next: 41%
Magic:  5/5        EV: 14    Int: 11    God:    Wu Jian [*.....]
Gold:   214        SH:  0    Dex: 15    Spells: 4/4 levels left

rFire    . . .     SeeInvis .   a - +0 falchion
rCold    . . .     Faith    .   (no shield)
rNeg     . . .     Spirit   .   q - +0 ring mail
rPois    .         Reflect  .   (no helmet)
rElec    .         Harm     .   (no cloak)
rCorr    .         Rampage  .   m - +0 pair of gloves
Will     .....                  (no boots)
Stlth    ++........             (no amulet)
HPRegen  0.14/turn              (no ring)
MPRegen  0.09/turn              (no ring)

@: attractive
A: hooves 1, repulsion field 1, demonic guardian 1, powered by pain 1
a: Renounce Religion


You were on level 3 of the Dungeon.
You worshipped Wu Jian.
Wu Jian was aware of your devotion.
You visited 1 branch of the dungeon, and saw 5 of its levels.

You collected 214 gold pieces.

Inventory:

Hand Weapons
 a - a +0 falchion (weapon)
 g - a +0 war axe
   (You took it off an orc on level 5 of the Dungeon)
 w - a +2 spear
   (You took it off a gnoll on level 2 of the Dungeon)
Missiles
 r - 7 silver boomerangs (quivered)
 B - 5 boomerangs
Armour
 b - a +0 leather armour
 m - a +0 pair of gloves (worn)
   (You found it on level 3 of the Dungeon)
 q - a +0 ring mail (worn)
   (You found it on level 1 of the Dungeon)
Jewellery
 k - a +4 ring of slaying {unknown}
   (You found it on level 3 of the Dungeon)
 x - an amulet of regeneration {unknown}
   (You found it on level 2 of the Dungeon)
Wands
 d - a wand of iceblast (9)
   (You found it on level 2 of the Dungeon)
 v - a wand of digging (3)
Scrolls
 c - 2 scrolls of fog
 e - a scroll of fear
 h - 3 scrolls of teleportation {unknown}
 j - 2 scrolls of enchant weapon {unknown}
 l - a scroll of amnesia {unknown}
 p - 5 scrolls of immolation {unknown}
 s - a scroll of magic mapping
 t - 3 scrolls of identify {unknown}
 u - a scroll of blinking {unknown}
 y - a scroll of enchant armour {unknown}
Potions
 f - a potion of haste {@q3}
 i - a potion of curing {unknown}
 n - a potion of might {unknown}
 o - 2 potions of heal wounds {unknown}
 z - 2 potions of cancellation {unknown}


   Skills:
 + Level 4.7 Fighting
 - Level 1.7 Long Blades
 + Level 0.7 Armour
 + Level 3.8 Dodging
 - Level 4.5 Stealth


You had 4 spell levels left.
You didn't know any spells.
Your spell library contained the following spells:

 Spells                   Type           Power        Failure   Level
 Magic Dart               Conj           0%           58%         1
 Sting                    Tmut/Pois      0%           58%         1
 Blink                    Tloc           N/A          75%         2
 Call Imp                 Summ           0%           75%         2
 Slow                     Hex            0%           75%         2
 Conjure Flame            Conj/Fire      0%           92%         3
 Mephitic Cloud           Conj/Pois/Air  0%           92%         3


Dungeon Overview and Level Annotations

Branches:
Dungeon (5/15)
 Temple: D:4-7

Altars:
Cheibriados
Makhleb
Sif Muna
Trog
Wu Jian


Innate Abilities, Weirdness & Mutations

You have large cloven feet.
You are surrounded by a mild repulsion field. (EV +2)
A weak demonic guardian rushes to your aid.
You sometimes gain a little power by taking damage.


Message History

The hound bites you but does no damage. The iguana misses your quasit.
The jackal misses you. The gnoll barely misses you.
You barely miss the hound. You kick the hound.
The hound bites you but does no damage.
Your quasit bites the gnoll.
Your quasit closely misses the gnoll.
Your quasit claws the gnoll but does no damage.
The jackal bites you but does no damage.
The gnoll hits you with a +0 flail.
* * * LOW HITPOINT WARNING * * *
The iguana barely misses your quasit. The gnoll closely misses you.
The hound closely misses you.
Your quasit bites the gnoll but does no damage.
Your quasit claws the gnoll.
Your quasit closely misses the gnoll.
The jackal closely misses you.
Okay, then.
The iguana misses you.
You riposte.
You hit the iguana.
The jackal bites your quasit but does no damage.
Your quasit bites the hound.
Your quasit misses the hound.
Your quasit claws the hound but does no damage.
The gnoll barely misses your quasit.
The hound completely misses your quasit.
The jackal barely misses your quasit.
Your quasit barely misses the hound.
Your quasit claws the hound but does no damage.
Your quasit misses the hound. The gnoll misses your quasit.
The hound closely misses your quasit.
The jackal completely misses your quasit.
Your quasit misses the hound.
Your quasit closely misses the hound.
Your quasit claws the hound.
The hound misses your quasit.
Your quasit bites the hound.
Your quasit claws the hound but does no damage.
Your quasit closely misses the hound.
The gnoll hits your quasit with a +0 flail!
Your quasit dies!
There is a stone staircase leading up here.
The iguana bites you!
* * * LOW HITPOINT WARNING * * *
The gnoll hits you but does no damage. The hound barely misses you.
You riposte.
You barely miss the hound.
You climb upwards.
There is a stone staircase leading down here.
You hit the hound. Your kick misses the hound. The hound bites you.
* * * LOW HITPOINT WARNING * * *
A demonic guardian appears!
The iguana barely misses you. The hound misses you. The iguana bites you.
* * * LOW HITPOINT WARNING * * *
You don't know any spells.
It was a potion of attraction.
You feel attractive to monsters. The hound misses you. The iguana bites you!
You die...

#.....)...................#
#.#######################.#
#.# #.# ###)### #.# ......#
#.# ###.#.# #.# #.#.# #.#
###.#.############ #.##
...............h@##########..#
###.#.##########l##..........#
###.#.# #5##.#####.#..#
......# #......# #.##.#
###.#.# #.###### #.##.#
.##.#.# #.# #)##.# .##.#.# #.#
#.##.# .##.#.###### #.# #.##.#
.##.#.##...# #.# #.##.#


You could see an iguana (ally target), a hound and a friendly shadow imp
(summoned).

Vanquished Creatures
  An orc wizard (D:4)
  2 gnolls
  4 adders
  A white imp (D:2)
  An adder skeleton (D:5)
  4 dart slugs
  3 leopard geckos
  7 orcs
  2 ball pythons
  2 giant cockroaches
  5 goblins
  10 hobgoblins
  13 jackals
  2 quokkas
  6 bats (D:1)
  4 frilled lizards (D:1)
  7 kobolds
  7 rats
81 creatures vanquished.

Notes
Turn   | Place    | Note
-------+----------+-------------------------------------------
     0 | D:5      | Brandom the Demonspawn Delver began the quest for the Orb.
     0 | D:5      | Reached XP level 1. HP: 18/18 MP: 1/1
   393 | D:3      | Gained mutation: A weak demonic guardian rushes to your
                  | aid. [demonic ancestry]
   393 | D:3      | Reached XP level 2. HP: 15/24 MP: 2/2
   775 | D:3      | Found an ornate altar of the Wu Jian Council.
   780 | D:3      | Became a worshipper of the Wu Jian Council
   885 | D:3      | Gained mutation: You sometimes gain a little power by
                  | taking damage. [demonic ancestry]
   885 | D:3      | Reached XP level 3. HP: 21/30 MP: 3/3
  1138 | D:3      | Found a burning altar of Makhleb.
  1378 | D:3      | Found a snail-covered altar of Cheibriados.
  1951 | D:1      | Gained mutation: You are surrounded by a mild repulsion
                  | field. (EV +2) [demonic ancestry]
  1951 | D:1      | Reached XP level 4. HP: 35/37 MP: 4/4
  2149 | D:1      | Reached * piety under Wu Jian
  3025 | D:2      | Found a shimmering blue altar of Sif Muna.
  3132 | D:2      | Identified Sif Muna's Catalogue of Contamination
  3364 | D:2      | Found a bloodstained altar of Trog.
  3432 | D:2      | Found a faded altar of an unknown god.
  3706 | D:2      | Gained mutation: You have large cloven feet. [demonic
                  | ancestry]
  3706 | D:2      | Reached XP level 5. HP: 42/43 MP: 5/5
  4303 | D:3      | Mangled by an iguana

Illustrated notes

Levels and vault maps discovered:
D:1:      dpeg_arrival_oval, layout_basic
D:2:      layout_basic, nzn_overflow_gifts_of_might_and_magic,
          chequers_ecumenical_altar_simple_redux
D:3:      layout_basic, nzn_wu_jian_contemplation, overflow_temple_1_default,
          nicolae_overflow_crystal_walls, serial_curves, eino_curves_02,
          eino_curves_02
D:4:      layout_basic, kennysheep_little_box, serial_shops, shop,
          cheibrodos_sewer_entry_drain
D:5:      layout_rooms, lemuel_coloured_pillars_altar, basic_altar

Skill      XL: |  1  2  3 |
---------------+----------+-----
Dodging        | 2 3 |  3.8
Fighting       | 4 |  4.7
Long Blades    | |  1.7
Armour         | |  0.7
Stealth        | |  4.5

Action                   |  1- 3 |  4- 6 || total
-------------------------+-------+-------++-------
Melee: Falchion          |    97 |   147 ||   244
       Kick              |       |    21 ||    21
Invok: Lunge             |     2 |    17 ||    19
  Use: Potion            |       |     1 ||     1
 Stab: Sleeping          |     5 |     8 ||    13
       Distracted        |     1 |       ||     1
Armor: Leather armour    |    29 |     1 ||    30
       Ring mail         |       |    55 ||    55
Dodge: Dodged            |    83 |   127 ||   210
       Rpst.: Falchion   |    30 |    37 ||    67

Table legend: (Time is in decaauts)
 A = Elapsed time spent in this place.
 B = Non-inter-level travel time spent in this place.
 C = Inter-level travel time spent in this place.
 D = Time resting spent in this place.
 E = Time spent auto-exploring this place.
 F = Levels seen in this place.
 G = Mean time per level.
                   A        B        C        D        E       F      G
               +--------+--------+--------+--------+--------+-----+--------+
         Total |   4355 |   4173 |    182 |    400 |   3031 |   5 |  871.0 |
       Dungeon |   4355 |   4173 |    182 |    400 |   3031 |   5 |  871.0 |
               +--------+--------+--------+--------+--------+-----+--------+

Top non-repeatable levels by time:
     D:3: 1383 daAuts
     D:2: 1344 daAuts
     D:1: 997 daAuts
     D:5: 385 daAuts
     D:4: 245 daAuts
